montu, chaotic male human Wizard -------------------- |........|...|.....| |...@.-``|.-.|.....| |..|X`.`.|?).|.....| |-.|..-..|.-.|..<..| |...--.......|.....| |...|.`.-...-|.....| |...|`.|...--|.....| |-..|..-----------+| |............^^^^^.| |...|.>------------- -------- montu the Thaumaturge Experience level: 8 Strength: 13 Dexterity: 8 Constitution: 17 Intelligence: 16 Wisdom: 15 Charisma: 12 Health: 0(85) Energy: 28(80) Def: 6 Gold: 507 Moves: 6933 Dungeon seed: kiVCJEyQpqZR1oAk Game ID: montu_1680650701 Your Inventory: Coins $ - 507 gold pieces Weapons a - a blessed +1 quarterstaff (weapon in hands) Armor c - an uncursed +0 robe e - a blessed rotted +4 cloak of magic resistance (being worn) f - a blessed +1 helm of brilliance (being worn) g - a cursed -2 pair of high boots (being worn) y - an uncursed +0 pair of jumping boots Comestibles j - 2 uncursed slime molds x - 6 uncursed food rations D - an uncursed eucalyptus leaf Scrolls l - 2 uncursed scrolls of earth q - an uncursed scroll of remove curse s - an uncursed scroll of teleportation v - a cursed scroll of magic mapping w - a cursed scroll of enchant armor A - a blessed scroll of magic mapping E - 2 uncursed scrolls of enchant weapon G - an uncursed scroll of charging I - an uncursed scroll of stinking cloud M - an uncursed scroll of stinking cloud T - an uncursed scroll of taming Potions t - an uncursed potion of invisibility z - a blessed potion of booze H - an uncursed potion of confusion J - an uncursed potion of paralysis O - an uncursed potion of enlightenment U - an uncursed potion of water Rings m - a cursed ring of polymorph p - an uncursed ring of fire immunity F - a cursed ring of hunger L - a cursed ring of teleportation R - a cursed ring of polymorph S - a cursed -2 ring of protection V - an uncursed +1 ring of searching X - an uncursed ring of slow digestion Wands b - an uncursed wand of striking (0:1) d - a cursed wand of secret door detection (0:11) o - an uncursed wand of striking (0:6) P - an uncursed wand of slow monster (0:3) Q - an uncursed wand of light (0:13) W - an uncursed wand of striking (0:0) Tools h - an uncursed blindfold i - an uncursed leash k - an uncursed lock pick u - an uncursed +0 unicorn horn B - an uncursed sack C - an uncursed magic lamp Z - an uncursed leash Gems n - an uncursed jasper stone r - an uncursed worthless piece of yellowish brown glass N - 2 uncursed worthless pieces of orange glass Y - an uncursed flint stone Spells and supernatural/magical abilities: Name Level Category Cost Memory a - force bolt 1 attack 6pw 89% c - cause fear 3 enchantment 25pw 93% h - healing 1 healing 12pw 97% m - magic missile 2 attack 12pw 89% p - protection 1 clerical 12pw 93% x - extra healing 3 healing 37pw 89% B - cure blindness 2 healing 25pw 89% H - speed monster 3 escape 37pw 97% O - summoning 2 clerical 25pw 93% V - teleportitis -- ability ? -- W - pray for help -- divine ? -- Your skills at the end: Fighting Skills wands [Basic] Weapon Skills quarterstaff [Expert] Spellcasting Skills attack spells [Skilled] enchantment spells [Basic] Final Attributes: You were stridently aligned. You were magic resistant. You were cancelled. You were telepathic. You could teleport at will. You were lucky. You last prayed 1532 turns ago. Anhur was noncommittal. You are dead. Vanquished creatures: a giant mimic a xorn 4 small mimics a large dog a human mummy an ettin zombie a leather golem a quivering blob a winter wolf cub a lynx 2 leprechauns a gnome king a brown pudding 2 gold golems a white unicorn a dust vortex a raven a snake 3 apes 2 soldier ants a fire ant a rock piercer a rock mole 3 ponies 2 fog clouds a gnome lord a gnomish wizard 2 red naga hatchlings 2 gray oozes an elf zombie 2 straw golems a paper golem 3 giant ants 5 floating eyes 3 kittens a homunculus a kobold lord 3 hill orcs 2 rothes 2 rabid rats 2 giant bats 5 Kop Sergeants a dwarf zombie an iguana 2 acid blobs a gas spore a hobbit a giant rat a red mold 3 gnomes 4 Keystone Kops a garter snake a gnome zombie 2 geckos 5 jackals a fox 2 kobolds a goblin a sewer rat 3 grid bugs 7 lichens a kobold zombie 8 newts 121 creatures vanquished. Voluntary challenges: You used a wielded weapon 237 times, starting on turn 141. You read items or engraved 93 times, starting on turn 1309. You never genocided any monsters. You never polymorphed an object. You never changed form. You used no wishes. You never split a pudding. You wrote Elbereth's name 40 times, starting on turn 1309. You violated your moral code, losing 128 points of alignment, starting on turn 2025. Dungeon overview: The Dungeons of Doom: levels 1 to 9 Level 1 a long staircase Level 2 a fountain Level 3 a scroll shop Level 4 a vault a long staircase Level 5 a fountain, a vault Level 6 an armor shop Level 8 a general store, a vault stairs to Sokoban Level 9 Sokoban: levels 5 to 7 Level 5 <- You were here Unsolved Level 6 Solved Level 7 Solved stairs to The Dungeons of Doom History has recorded: On T:1 you entered the Dungeons of Doom to retrieve the Amulet of Yendor! On T:358 you reached level 2 of The Dungeons of Doom. On T:604 you advanced to experience level 2. On T:882 you reached level 3 of The Dungeons of Doom. On T:1019 you advanced to experience level 3. On T:1427 you advanced to experience level 4. On T:1526 you reached level 4 of The Dungeons of Doom. On T:1735 you advanced to experience level 5. On T:2623 you advanced to experience level 6. On T:2717 you reached level 5 of The Dungeons of Doom. On T:3435 you reached level 6 of The Dungeons of Doom. On T:4049 you advanced to experience level 7. On T:4569 you reached level 8 of The Dungeons of Doom. On T:4891 you reached level 4 of Sokoban. On T:5302 you reached level 9 of The Dungeons of Doom. On T:5701 you advanced to experience level 8. On T:5720 you reached level 3 of Sokoban. On T:6654 you reached level 2 of Sokoban. Score breakdown: Gold: 507 ( 9204 points) Experience: 8 levels (14739 points) Exploration: 9 levels ( 16.98%) (11766 points) Discoveries: 31 items ( 10.40%) ( 9675 points) Valuables value: (no points given unless you survive) Artifact value: 0 ( 0 points) Variety of kills: 63 monsters ( 16.58%) (12215 points) Turncount: 6933 turns (-1837 points) Survival: died (score multiplied by 80%) Total score: 44609 Latest messages: Never mind. Being cancelled, you cannot cast the spell. You hit the xorn! (2x) The xorn hits! (3x) The xorn misses. You hit the xorn! The xorn hits! (3x) The xorn bites! You miss the xorn. The xorn hits! (3x) The xorn bites! You miss the xorn. (2x) The xorn hits! (3x) The xorn bites! The wand hits the xorn. The xorn hits! (2x) The xorn just misses! The xorn bites! You die... The sack is empty. Final status: Goodbye montu the Wizard, killed by a xorn... You died in Sokoban on dungeon level 5 with 44609 points, and 507 pieces of gold, after 6933 moves. You were level 8 with a maximum of 85 hit points when you died.